Unix NetHack Version 5.0.0-0 post-release - last build May  4 2026 22:22:43 (774f63e81ad911689b3a0859ea89b322d5daca8d,branch:main).

Game began 2026-05-05 06:18:38, ended 2026-05-05 06:35:52.

Ackbladder, lawful female dwarven Valkyrie

                                                          ------------
                                                         #+..........|
       -------....---      ---------------     -----     #|..........|
      #-..........(.|     #-.............|     |....#    #|..........-#
      #|.......d....-#    #|.............|     |...|######...........|#
      #----.-......|-######-.............|     |...|#    #|......%(..|#
      #   #**#######  [###[------f--------#    ---.-#    #---------|--#
      ##    ##  #######  ##[#)[###@oo#o###############   #      ####  #
      ###          ####     )             #   ##    #############    ##
     #*##             #     #             #  ##     # #  ---.-#      #
     #`##*           `##                  #  #      #####|...|       #
      # #            * #                  # -.------  # `....|      ###
 ----...##**          ##                  ##|....... #`  |..>|      #######
 |......#*#*###....----.-----              #|......|    #....|      #-.---|--
 |...[..#######|.......).....              #|......-#####-----      #|......|
 |......## #  #.............|              #-......|    ####        #|......|
 |.....|# #    |...<........|               --------       ##       #|......|
 |.....+       |............|                               `########.......|
 -------       --------------                                        --------

Ackbladder the Skirmisher   St:16 Dx:13 Co:20 In:8 Wi:10 Ch:7  Lawful
Dlvl:5  $:135 HP:0(67) Pw:7(7) AC:6  Xp:5 T:2512  Weak    

Latest messages:
 The Uruk-hai shoots 2 poisoned orcish arrows!
 The Uruk-hai is hit.
 The Uruk-hai is hit.
 The housecat drops an orcish helm.
 The Uruk-hai shoots 2 poisoned orcish arrows!
 The Uruk-hai is hit.
 The Uruk-hai is hit.
 The Uruk-hai shoots 2 poisoned orcish arrows!
 It is missed.
 The 1st poisoned orcish arrow misses you.
 The Uruk-hai is hit.
 The Uruk-hai shoots 2 poisoned orcish arrows!
 It is missed.
 You are hit by the 1st poisoned orcish arrow.
 The Uruk-hai is hit!
 The Uruk-hai puts on an orcish cloak.
 The Uruk-hai shoots 2 poisoned orcish arrows!
 It is missed.
 You are almost hit by the 1st poisoned orcish arrow.
 The Uruk-hai is hit!
 The Uruk-hai is killed!
 The Uruk-hai shoots 2 poisoned orcish arrows!
 You are hit by the 1st poisoned orcish arrow.
 You are hit by the 2nd poisoned orcish arrow.
 The Uruk-hai shoots 2 poisoned orcish arrows!
 You are hit by the 1st poisoned orcish arrow.
 The 2nd poisoned orcish arrow misses you.
 The Uruk-hai puts on an orcish helm.
 The housecat picks up an orcish helm.
 The Uruk-hai shoots a poisoned orcish arrow!
 A poisoned orcish arrow misses you.
 The Uruk-hai puts on a pair of iron shoes.
 The Uruk-hai swings his orcish bow.
 The Uruk-hai hits!
 The Uruk-hai swings his orcish bow.
 The Uruk-hai hits!
 The Uruk-hai swings his orcish bow.
 The Uruk-hai hits!
 The Uruk-hai swings his orcish bow.
 The Uruk-hai hits!
 The Uruk-hai swings his orcish bow.
 The Uruk-hai hits!
 The Uruk-hai wields an orcish short sword!
 The Uruk-hai swings his orcish bow.
 The Uruk-hai hits!
 The Uruk-hai swings his orcish bow.
 The Uruk-hai hits!
 You die...
 Do you want your possessions identified? [ynq] (y) y
 Do you want to see your attributes? [ynq] (y) q

Inventory:
 Coins    ('$')
  $ - 135 gold pieces
 Weapons  (')')
  m - a blessed +3 boomerang (at the ready)
  b - a +0 dagger (alternate weapon; not wielded)
  a - a +1 dwarvish spear (weapon in right hand)
 Armor    ('[')
  f - an uncursed +0 orcish helm
  g - an uncursed +0 orcish helm
  h - a cursed -2 orcish helm
  c - an uncursed +3 small shield (being worn)
 Comestibles  ('%')
  x - an uncursed food ration
  A - an uncursed fortune cookie
  B - 2 uncursed lembas wafers
  n - 3 uncursed tripe rations
  i - an uncursed tin of stir fried fox meat
 Scrolls  ('?')
  C - an uncursed scroll of enchant armor
  k - an uncursed scroll of gold detection
  l - a blessed scroll of identify
  y - 2 uncursed scrolls of teleportation
 Potions  ('!')
  s - an uncursed potion of fruit juice
  t - a blessed potion of healing
  j - a cursed potion of object detection
  z - an uncursed potion of restore ability
  r - an uncursed potion of water
 Wands    ('/')
  e - a wand of digging (0:5)
  w - a wand of locking (0:4)
 Tools    ('(')
  u - an uncursed blindfold

Ackbladder the Valkyrie's attributes:

Background:
 You were a Skirmisher, a level 5 dwarven Valkyrie.
 You were lawful, nominally on a mission for Tyr
 who was opposed by Odin (neutral) and Loki (chaotic).
 You were right-handed.
 You were in the Dungeons of Doom, on level 5.
 You entered the dungeon 2512 turns ago.
 You had 288 experience points, 32 more were needed to attain level 6.

Basics:
 You had 0 out of 67 hit points.
 You had all 7 energy points (spell power).
 Your armor class was 6.
 Your wallet contained 135 zorkmids.
 Autopickup was off.

Final Characteristics:
 Your strength was 16 (base:17, limit:18/100).
 Your dexterity was 13 (limit:20).
 Your constitution was 20 (limit:20).
 Your intelligence was 8 (limit:16).
 Your wisdom was 10 (limit:16).
 Your charisma was 7 (limit:16).

Final Status:
 You were weak from severe hunger.
 You were unencumbered.
 You were wielding a spear.
 You had basic skill with spear and could have enhanced that.

Final Attributes:
 You were piously aligned.
 You were cold resistant.
 You had infravision.
 You were stealthy.
 You are dead.

Miscellaneous:
 You didn't encounter any bones levels.
 Total elapsed playing time was 17 minutes and 13 seconds.

Major events:
 Turn
    1: Ackbladder the lawful dwarven Valkyrie entered the dungeon
  595: attained the rank of Skirmisher (level 3)
 2512: killed by an Uruk-hai, while frozen by a floating eye's gaze

You didn't know any spells.

Skills:
 Fighting Skills
   bare handed combat [Unskilled]
   two weapon combat  [Unskilled]
   riding             [Unskilled]
 Weapon Skills
   dagger             [Basic]
   axe                [Unskilled]
   pick-axe           [Unskilled]
   short sword        [Unskilled]
   broadsword         [Unskilled]
   long sword         [Unskilled]
   two-handed sword   [Unskilled]
   saber              [Unskilled]
   hammer             [Unskilled]
   quarterstaff       [Unskilled]
   polearms           [Unskilled]
   spear              [Basic]
   trident            [Unskilled]
   lance              [Unskilled]
   sling              [Unskilled]
 Spellcasting Skills
   attack spells      [Unskilled]
   escape spells      [Unskilled]

Voluntary challenges:
 Character rerolling was not enabled.
 You were an atheist.
 You never genocided any monsters.
 You never polymorphed an object.
 You never changed form.
 You used no wishes.
Achievements:
 You attained the rank of Skirmisher.
 You entered a shop.

 The Dungeons of Doom: levels 1 to 5
    Level 1:
    Level 2:
       A fountain.
    Level 3:
       A food shop, some fountains.
    Level 4:
    Level 5: <- You were here.
       Final resting place for
          you, killed by an Uruk-hai, while frozen by a floating eye's gaze.


Vanquished creatures:
  2 small mimics
 10 Mordor orcs
  2 Uruk-hai
  a gray ooze
  a giant ant
  a little dog
  3 floating eyes
  a homunculus
  a giant bat
 an iguana
  a large kobold
  a hobgoblin
  5 giant rats
  2 cave spiders
  a yellow mold
  a green mold
  a gnome
  5 garter snakes
  a gnome zombie
  3 geckos
  2 jackals
  a kobold
  3 goblins
  2 lichens
  3 kobold zombies
  2 newts
57 creatures vanquished.

No species were genocided or became extinct.

Game over:
                       ----------
                      /          \
                     /    REST    \
                    /      IN      \
                   /     PEACE      \
                  /                  \
                  |    Ackbladder    |
                  |      135 Au      |
                  |   killed by an   |
                  |     Uruk-hai     |
                  |                  |
                  |                  |
                  |       2026       |
                 *|     *  *  *      | *
        _________)/\\_//(\/(/\)/\//\/|_)_______

Farvel Ackbladder the Valkyrie...

You died in The Dungeons of Doom on dungeon level 5 with 1484 points,
and 135 pieces of gold, after 2512 moves.
You were level 5 with a maximum of 67 hit points when you died.

